 Dungeon Crawl Stone Soup version 0.19-a0-1935-g874f678 (webtiles) character file.

50 PurpleRed the Skirmisher (level 3, 0/33 HPs)
             Began as a Minotaur Fighter on Oct 26, 2016.
             Succumbed to an adder's poison
             ... on level 2 of the Dungeon.
             The game lasted 00:02:36 (1028 turns).

PurpleRed the Skirmisher (Minotaur Fighter)         Turns: 1028, Time: 00:02:37

Health: 0/33       AC: 11    Str: 21    XL:     3   Next: 55%
Magic:  2/2        EV:  3    Int:  5    God:
Gold:   112        SH:  9    Dex:  9    Spells: 0 memorised, 2 levels left

rFire  + . .     SeeInvis .     a - +1 war axe
rCold  + . .     Gourm    .     r - +0 plate armour
rNeg   . . .     Faith    .     c - +0 shield
rPois  +         Spirit   .     (helmet restricted)
rElec  +         Reflect  .     (no cloak)
rCorr  +         Harm     .     (no gloves)
MR     .....                    (no boots)
Stlth  ..........               n - amulet of rage
                                (no ring)
                                (no ring)

@: lethally poisoned (0 -> -9), resistant, very slightly contaminated, hasted,
very quick
A: retaliatory headbutt, horns 2
a: Evoke Berserk Rage


You were on level 2 of the Dungeon.
You were hungry.

You visited 1 branch of the dungeon, and saw 2 of its levels.

You collected 112 gold pieces.

Inventory:

Hand Weapons
 a - a +1 war axe (weapon)
Armour
 b - a +0 scale mail
 c - a +0 shield (worn)
 r - a +0 plate armour (worn)
Jewellery
 n - an amulet of rage (around neck)
 p - an uncursed ring of protection from cold {unknown}
 t - an uncursed amulet of magic regeneration
Scrolls
 g - 3 scrolls of identify
 q - a scroll of fog {unknown}
 s - a scroll of teleportation {unknown}
Potions
 d - a potion of might
 h - 2 potions of resistance
Comestibles
 f - 2 bread rations
 k - 3 meat rations
 l - a beef jerky
 m - a slice of pizza


   Skills:
 + Level 4.3 Fighting
 * Level 4.2 Axes
 - Level 3.6 Armour
 - Level 3.6 Shields


You had 2 spell levels left.
You didn't know any spells.

Dungeon Overview and Level Annotations

Branches:
Dungeon (2/15)

Altars:


Innate Abilities, Weirdness & Mutations

You reflexively headbutt those who attack you in melee.
You have a pair of horns on your head.


Message History

A kobold comes into view. It is wielding a whip.
The kobold shouts!
As you read the scroll labeled OCAUQU BACROTT, it crumbles to dust.
It is a scroll of identify.
t - an uncursed amulet of magic regeneration
* * * LOW HITPOINT WARNING * * *
You feel sick.
As you read the scroll labeled EMASEOFFUT, it crumbles to dust.
It is a scroll of enchant weapon.
Your +0 war axe glows red for a moment.
As you read the scroll labeled FEYVUD SUUNED, it crumbles to dust.
You hear a loud clanging noise!
It was a scroll of noise.
* * * LOW HITPOINT WARNING * * *
You feel sick.
You hear a shout!
You hear an angry hiss. x2
As you read the scroll labeled VIOFIV ZANKODI, it crumbles to dust.
It is a scroll of recharging.
You aren't carrying any rechargeable items.
You die...

.#......##.........#
.#......##.........#
.#......##.........#####...
........###................
........##.........#####...
..[................#
..#......#.........#
.(..#.##(#........%#
..###.# ........@†.#
..###.# #........## ......#
#.......## #..#..#
#.......#
##....####...(...#
##......#......K. #
#.#.##....###...
.##.#.###...###...
........###...


You could see a kobold.

Vanquished Creatures
  2 adders (D:2)
  A worm (D:2)
  A leopard gecko (D:1)
  4 bats
  A giant cockroach (D:2)
  3 goblins (D:1)
  5 hobgoblins
  3 kobolds
  A quokka (D:2)
  A ball python (D:1)
  2 frilled lizards
  3 rats
27 creatures vanquished.

Notes
Turn   | Place    | Note
-------+----------+-------------------------------------------
     0 | D:1      | PurpleRed the Minotaur Fighter began the quest for the Orb.
     0 | D:1      | Reached XP level 1. HP: 19/19 MP: 0/0
   353 | D:1      | Reached XP level 2. HP: 27/27 MP: 1/1
   804 | D:2      | Reached XP level 3. HP: 23/33 MP: 2/2
  1027 | D:2      | HP: 1/33 [poisoned by an adder]
  1028 | D:2      | Succumbed to an adder's poison

Vault maps used:
D:1:      dpeg_arrival_concentric_ovals

Skill      XL: |  1  2  3 |
---------------+----------+-----
Axes           | 3 4 |  4.2
Fighting       | 4 |  4.3
Armour         | |  3.6
Shields        | |  3.6

Action                   || total
-------------------------++-------
Melee: War axe           ||    77
       Headbutt          ||    11
  Use: Scroll            ||     4
       Potion            ||     2
Armor: Scale mail        ||    16
       Plate armour      ||    27
Dodge: Dodged            ||    20
Block: Shield            ||    46
